 Dungeon Crawl Stone Soup version 0.17-a0-946-g1856e96 (webtiles) character file.

53 FedoraBrony69 the Conjurer (level 3, 0/19 HPs)
             Began as a Deep Elf Conjurer on May 6, 2015.
             Slain by FedoraBrony69's ghost (4 damage)
             ... on level 3 of the Dungeon.
             The game lasted 00:02:32 (1946 turns).

FedoraBrony69 the Conjurer (Deep Elf Conjurer)      Turns: 1946, Time: 00:02:32

Health: 0/19       AC:  2    Str:  5    XL:     3   Next: 62%
Magic:  2/10       EV: 13    Int: 20    God:
Gold:   92         SH:  0    Dex: 15    Spells: 1 memorised, 9 levels left

rFire  . . .     SeeInvis .     e - +0 short sword
rCold  . . .     Clarity  .     a - +0 robe
rNeg   . . .     SustAb   .     (no shield)
rPois  .         Gourm    .     (no helmet)
rElec  .         Spirit   .     (no cloak)
rCorr  .         Warding  .     (no gloves)
rMut   .         Stasis   .     (no boots)
MR     .....                    (no amulet)
Stlth  ++........               (no ring)
                                (no ring)

@: not resistant to hostile enchantments, unstealthy
A: no striking features
a: no special abilities


You were on level 3 of the Dungeon.
You were not hungry.

You visited 1 branch of the dungeon, and saw 3 of its levels.

You collected 92 gold pieces.

Inventory:

Hand weapons
 e - a +0 short sword (weapon)
Armour
 a - a +0 robe (worn)
Jewellery
 o - a +3 ring of protection {unknown}
Scrolls
 d - 3 scrolls of amnesia {unknown}
 g - a scroll of teleportation {unknown}
 j - a scroll of recharging {unknown}
 k - a scroll of identify {unknown}
 n - a scroll of random uselessness {unknown}
 q - a scroll of noise {unknown}
Potions
 h - a potion of brilliance {unknown}
 i - a potion of mutation {unknown}
 l - 3 potions of heal wounds {unknown}
 m - a potion of beneficial mutation {unknown}
 p - a potion of curing {unknown}
Books
 b - a book of Conjurations

   Spells                             Type                      Level
   a - Magic Dart                     Conjuration                  1
   b - Searing Ray                    Conjuration                  2
   c - Dazzling Spray                 Conjuration/Hexes            3
   d - Fulminant Prism                Conjuration/Hexes            4
   e - Iskenderun's Mystic Blast      Conjuration                  4
   f - Iskenderun's Battlesphere      Conjuration/Charms           5
Comestibles
 c - a bread ration
 f - 2 beef jerkies


   Skills:
 - Level 2.4 Dodging
 - Level 2.4 Stealth
 + Level 4.3 Spellcasting
 + Level 5.2 Conjurations


You had 9 spell levels left.
You knew the following spells:

 Your Spells              Type           Power        Failure   Level  Hunger
a - Magic Dart            Conj           ####         1%          1    None


Dungeon Overview and Level Annotations

Branches:
Dungeon (3/15)

Altars:
Cheibriados
Dithmenos
Gozag
Qazlal

Annotations:
D:3 FedoraBrony69's ghost, average DECj


Message History

FedoraBrony69's ghost is heavily damaged.
FedoraBrony69's ghost hits you!
* * * LOW HITPOINT WARNING * * *
Casting: Magic Dart
Confirm with . or Enter, or press ? or * to list all spells.
Aiming: Magic Dart
Press: ? - help, Shift-Dir - straight line, f/p - FedoraBrony69's ghost
Aim: FedoraBrony69's ghost (heavily damaged)
The magic dart hits FedoraBrony69's ghost.
FedoraBrony69's ghost is heavily damaged.
FedoraBrony69's ghost barely misses you.
Casting: Magic Dart
Confirm with . or Enter, or press ? or * to list all spells.
Aiming: Magic Dart
Press: ? - help, Shift-Dir - straight line, f/p - FedoraBrony69's ghost
Aim: FedoraBrony69's ghost (heavily damaged)
The magic dart hits FedoraBrony69's ghost.
FedoraBrony69's ghost is severely damaged.
FedoraBrony69's ghost hits you.
You die...

##§#..## ##§§§#..#
###§#§#§#.######
#§§§§_§§........
##§#§#§#§#....... .
#..##§§.##....... ...
#.####.#####..###
.....###.###..### #.##
......W@......>.###.####
....###########.........
. #####.#### #.# #.# #.#
#.# #)# ..#


You could see FedoraBrony69's ghost.

Vanquished Creatures
  2 adders (D:2)
  An ooze (D:2)
  2 worms (D:2)
  2 giant geckos (D:2)
  A giant cockroach (D:1)
  3 hobgoblins
  4 kobolds
  3 bats
  4 goblins
  4 rats
26 creatures vanquished.

Notes
Turn   | Place    | Note
--------------------------------------------------------------
     0 | D:1      | FedoraBrony69, the Deep Elf Conjurer, began the quest for the Orb.
     0 | D:1      | Reached XP level 1. HP: 10/10 MP: 6/6
   836 | D:2      | Reached XP level 2. HP: 15/15 MP: 4/8
  1237 | D:2      | Found a stormy altar of Qazlal.
  1237 | D:2      | Found an opulent altar of Gozag.
  1435 | D:2      | Reached skill level 5 in Conjurations
  1435 | D:2      | Reached XP level 3. HP: 19/19 MP: 5/10
  1477 | D:2      | Found a snail-covered altar of Cheibriados.
  1895 | D:3      | Found a shadowy altar of Dithmenos.
  1939 | D:3      | Noticed FedoraBrony69's ghost (average DECj)
  1946 | D:3      | Slain by FedoraBrony69's ghost

Action                   || total
-------------------------++-------
Melee: Short sword       ||     1
 Cast: Magic Dart        ||    73
  Eat: Chunk             ||     3
